 Dungeon Crawl Stone Soup version 0.31.0-32-g396128a36d (webtiles) character file.

Game seed: 3685630315233810499

218609 Cuillere the Unseen (level 19, -19/127 HPs)
             Began as a Kobold Enchanter on Apr 11, 2024.
             Was a Follower of Okawaru.
             Killed from afar by an ironbound frostheart (32 damage)
             ... by creeping frost
             ... on level 1 of the Vaults on Apr 12, 2024.
             The game lasted 01:58:00 (38502 turns).

Cuillere the Unseen (Kobold Enchanter)             Turns: 38502, Time: 01:58:01

Health: -19/127    AC: 12    Str:  9    XL:     19   Next: 86%
Magic:  20/26      EV: 28    Int: 20    God:    Okawaru [*.....]
Gold:   3075       SH:  0    Dex: 23    Spells: 12/28 levels left

rFire   . . .        y - +8 quick blade (venom)
rCold   . . .        n - orb {guile}
rNeg    . . .        x - +0 troll leather armour
rPois   +            m - +1 helmet
rElec   .            B - +0 cloak "Asunteg" {Dex+4}
rCorr   .            D - +2 pair of gloves {Str+3}
SInv    +            Y - +0 pair of boots
Will    .....        G - amulet of magic regeneration
Stlth   ++++++++     q - ring of poison resistance
HPRegen 1.21/turn    H - ring of see invisible
MPRegen 0.60/turn

%: no passive effects
@: confusing by touch, marked, frozen, studying Shields, very slow
A: small, no large weapons, nightstalker 3
}: 1/15 runes: gossamer
a: Renounce Religion, Heroism


You were on level 1 of the Vaults.
You worshipped Okawaru.
Okawaru was aware of your devotion.
You visited 6 branches of the dungeon, and saw 28 of its levels.
You also visited: Trove and Bailey.

You collected 4195 gold pieces.
You spent 1120 gold pieces at shops.

Inventory:

Hand Weapons
 y - a +8 quick blade of venom (weapon)
Armour
 f - a +0 kite shield of reflection
 m - a +1 helmet (worn)
 n - an orb of guile (worn)
 r - a scarf of resistance
 x - a +0 troll leather armour (worn)
 B - the +0 cloak "Asunteg" (worn) {Dex+4}
   (Okawaru gifted it to you on level 14 of the Dungeon)

   Dex+4:     It affects your dexterity (+4).
 D - a +2 pair of gloves of strength (worn)
 T - a +2 cloak of poison resistance
 V - an orb of mayhem
 Y - a +0 pair of boots (worn)
Jewellery
 h - a ring of willpower
 q - a ring of poison resistance (left hand)
 v - a ring of protection from fire
 F - a +4 ring of protection
 G - an amulet of magic regeneration (around neck)
 H - a ring of see invisible (right hand)
Wands
 a - a wand of digging (23)
 d - a wand of quicksilver (13)
 i - a wand of flame (17)
 p - a wand of charming (13)
 A - a wand of mindburst (30)
 I - a wand of polymorph (9)
 X - a wand of iceblast (8)
Scrolls
 k - a scroll of blinking
 o - 3 scrolls of poison
 t - 8 scrolls of teleportation
 z - a scroll of brand weapon
 C - 2 scrolls of revelation
 E - 4 scrolls of amnesia
 N - a scroll of fear
 P - 2 scrolls of silence
 Q - 2 scrolls of enchant armour
 R - 2 scrolls of vulnerability
 S - 4 scrolls of identify
 Z - 2 scrolls of enchant weapon
Potions
 b - 2 potions of cancellation
 e - 3 potions of berserk rage
 g - 3 potions of lignification
 j - 3 potions of resistance
 s - 3 potions of mutation
 u - 6 potions of ambrosia
 w - a potion of haste
 J - 4 potions of curing
 L - a potion of might
 M - 2 potions of magic
 U - 5 potions of brilliance
 W - 2 potions of enlightenment
Miscellaneous
 c - a condenser vane
 K - a phial of floods


   Skills:
 + Level 16.7 Fighting
 - Level 18.0 Short Blades
 + Level 6.5 Armour
 + Level 15.9 Dodging
 - Level 18.0 Stealth
 + Level 9.7 Shields
 - Level 5.0 Spellcasting
 - Level 10.0 Hexes
 - Level 4.0 Translocations
 - Level 5.0 Ice Magic
 - Level 10.0 Invocations


You had 12 spell levels left.
You knew the following spells:

 Your Spells              Type           Power      Damage    Failure   Level
a - Ensorcelled Hibernat  Hex/Ice        70%        N/A       1%          2
b - Confusing Touch       Hex            45%        N/A       1%          3
c - Tukima's Dance        Hex            45%        N/A       1%          3
d - Passwall              Erth           5%         N/A       41%         3
e - Dazzling Flash        Conj/Hex       50%        N/A       6%          3
f - Blink                 Tloc           42%        N/A       4%          2

Your spell library contained the following spells:

 Spells                   Type           Power      Damage    Failure   Level
 Freeze                   Ice            100%       1d10      1%          1
 Slow                     Hex            100%       N/A       1%          1
 Sigil of Binding         Hex            45%        N/A       1%          3
 Cause Fear               Hex            22%        N/A       2%          4
 Apportation              Tloc           42%        N/A       3%          1
 Frozen Ramparts          Ice            50%        1d8       6%          3
 Inner Flame              Hex/Fire       25%        N/A       6%          3
 Gell's Gravitas          Tloc           21%        N/A       9%          3
 Dimensional Bullseye     Hex/Tloc       16%        N/A       9%          4
 Magic Dart               Conj           20%        1d4       16%         1
 Necrotise                Necr           20%        1d5       16%         1
 Sandblast                Erth           10%        2d5       16%         1
 Hailstorm                Conj/Ice       15%        3d6       16%         3
 Metabolic Englaciation   Hex/Ice        17%        N/A       19%         5
 Sublimation of Blood     Necr           5%         N/A       22%         2
 Manifold Assault         Tloc           21%        N/A       28%         4
 Passage of Golubria      Tloc           21%        N/A       28%         4
 Stone Arrow              Conj/Erth      10%        3d7       41%         3
 Vampiric Draining        Necr           5%         2d6       41%         3
 Silence                  Hex/Air        12%        N/A       47%         5
 Yara's Violent Unravell  Hex/Alch       12%        3d7       47%         5
 Iskenderun's Mystic Bla  Conj/Tloc      13%        2d5       54%         4
 Brom's Barrelling Bould  Conj/Erth      5%         2d3       83%         4
 Leda's Liquefaction      Alch/Erth      2%         N/A       83%         4
 Petrify                  Alch/Erth      5%         N/A       83%         4
 Curse of Agony           Necr           5%         N/A       99%         5
 Irradiate                Conj/Alch      2%         3d12      99%         5
 Lee's Rapid Deconstruct  Erth           2%         3d5*      99%         5
 Orb of Destruction       Conj           2%         9d5       100%        7
 Discord                  Hex            22%        N/A       100%        8
 Ignition                 Fire           2%         3d3       100%        8
 Lehudib's Crystal Spear  Conj/Erth      2%         10d2      100%        8
 Call Imp                 Summ           Unusable   N/A       N/A         2
 Animate Armour           Summ/Erth      Unusable   N/A       N/A         4
 Martyr's Knell           Necr/Summ      Unusable   N/A       N/A         4
 Summon Blazeheart Golem  Fire/Summ      Unusable   N/A       N/A         4
 Summon Lightning Spire   Summ/Air       Unusable   N/A       N/A         4
 Spellforged Servitor     Conj/Summ      Unusable   N/A       N/A         7
 Summon Hydra             Summ           Unusable   N/A       N/A         7

Dungeon Overview and Level Annotations

Branches:
Dungeon (15/15)            Temple (1/1) D:6            Lair (5/5) D:11
 Shoals (0/4) Lair:3       Spider (4/4) Lair:2        Slime (0/5) Lair:5
    Orc (2/2) D:10            Elf (0/3) Orc:2        Vaults (1/5) D:14
 Depths (0/4) D:15         Bailey (visited)

Altars:
Ashenzari
Cheibriados
Dithmenos
Elyvilon
Fedhas
Gozag
Hepliaklqana
Kikubaaqudgha
Makhleb
Nemelex Xobeh
Okawaru
Qazlal
Ru
Sif Muna
Trog
Uskayaw
Vehumet
Wu Jian
Xom
Yredelemnul
Zin
The Shining One

Shops:
D:5 (=   Orc:1 *   Orc:2 :=[[

Annotations:
D:8 1 runed translucent door, Konrad's ghost, novice MiFi
Lair:2 2 transporters, KineticRobot's ghost, journeyman TrSh
Lair:4 3 runed translucent doors, Zaegoraum's ghost, journeyman DsAK


Innate Abilities, Weirdness & Mutations

You are small and have problems with some larger weapons.
You are completely attuned to the shadows.


Message History

You kill the centaur warrior!
Okawaru accepts your kill.
Aiming: Ensorcelled Hibernation (safe; 1% risk of failure)
Press: ? - help, Q - select action, (/) - cycle Shift-Dir - straight line, f - centaur warrior
Aim: a centaur warrior, wielding a +0 shortbow (chance to affect: 78%)
The centaur warrior looks drowsy...
The helpless centaur warrior fails to defend itself.
You perforate the centaur warrior like a sieve!!!!!
You kill the centaur warrior!
Okawaru accepts your kill.
Casting: Ensorcelled Hibernation (safe; 1% risk of failure)
Confirm with . or Enter, or press ? or * to list all spells.
Your hands begin to glow red.
You hit the ironbound frostheart but do no damage.
The ironbound frostheart appears confused.
You hit the ironbound frostheart but do no damage.
The ironbound frostheart is poisoned.
The ironbound frostheart completely misses you.
The ironbound frostheart calls freezing cold from the walls.
The frost grips you!!
* * * LOW HITPOINT WARNING * * *
You are encased in ice.
You hit the ironbound frostheart. x2
The ironbound frostheart is lightly wounded.
You catch the helpless ironbound frostheart completely off-guard!
You stick the ironbound frostheart like a pincushion!!!
The ironbound frostheart looks as sick as possible!
You barely miss the ironbound frostheart.
The ironbound frostheart is almost dead.
The ironbound frostheart touches you but does no damage.
You strike the helpless ironbound frostheart from behind!
You perforate the ironbound frostheart like a sieve!!!
You kill the ironbound frostheart!
Okawaru accepts your kill.
Casting: Confusing Touch (safe; 1% risk of failure)
Confirm with . or Enter, or press ? or * to list all spells.
Your hands begin to glow red.
The ironbound frostheart calls freezing cold from the walls.
The frost grips you!!
You die...

#...#.#.#.....# ....#
#...#)###.#####
#....รท..#.!.#
#.......###.#
#.........#.#
#...#############
#...#...#...#..[#...#
#...###.#...###.#...#
#.))..#.@...#.#.#...##
#...#####pp.#.#.#...'.
#....)).............#
#.....c.)...........#
#...................#
####'################
#......#
#......#########
#......#.......#


You could see an ironbound frostheart and a vault sentinel.

Vanquished Creatures
  Arachne (Spider:3)
  Donald (Spider:1)
  Louise (Spider:3)
  6 ghost moths
  4 emperor scorpions
  2 orc warlords
  An ironbound preserver (Vaults:1)
  2 ironbound thunderhulks (Vaults:1)
  3 broodmothers
  Nessos (D:14)
  Azrael (Spider:3)
  3 dire elephants (Vaults:1)
  A spark wasp (Spider:2)
  4 entropy weavers
  Fannar (Lair:2)
  2 yaktaur captains (Vaults:1)
  5 radroaches
  11 centaur warriors
  3 hydras
  A jorogumo (Spider:3)
  2 death knights (D:14)
  2 ironbound frosthearts (Vaults:1)
  4 two-headed ogres
  4 death yaks (Lair:4)
  5 demonic crawlers
  2 boulder beetles
  4 orc high priests
  Urug (D:14)
  A sun demon (D:10)
  Sonja (Orc:2)
  2 soul eaters (D:10)
  5 pharaoh ants
  Amaemon (D:10)
  3 skeletal warriors
  A skyshark (Lair:5)
  3 deep trolls (Vaults:1)
  Lodul (D:14)
  2 sun moths (Spider:1)
  An arcanist (Vaults:1)
  A flayed ghost (D:15)
  6 orb spiders
  3 lindwurms
  Pikel (D:7)
  11 orc knights
  3 steelbarb worms
  4 orc sorcerers (Orc:2)
  2 cyclopes
  Maurice (Orc:2)
  3 oklob plants
  16 wolf spiders
  5 moths of wrath
  A manticore (D:12)
  7 meliai
  13 ugly things
  2 merfolk sirens (Lair:3)
  2 kobold blastminers (Orc:2)
  26 elephants
  2 black mambas
  2 vault sentinels (Vaults:1)
  Joseph (D:7)
  9 cane toads
  An orange demon (D:10)
  7 torpor snails
  4 gargoyles
  An unseen horror (D:10)
  7 yaktaurs
  An efreet (D:14)
  9 komodo dragons
  A queen bee (shapeshifter) (D:15)
  8 trolls
  A hellwing (D:10)
  2 polar bears
  6 hornets
  23 tarantellas
  2 merfolk (Lair:3)
  27 blink frogs
  5 dream sheep
  29 jumping spiders
  19 slime creatures
  4 shadows
  A wraith (D:10)
  10 culicivoras
  70 yaks
  14 spriggans (Lair:5)
  4 wyverns
  18 humans
  2 basilisks
  2 fire elementals
  2 wargs (Orc:1)
  2 steam dragons (D:7)
  40 redbacks
  3 vampire mosquitoes (D:15)
  3 acid dragons
  Duvessa (D:7)
  4 hell hounds
  8 water moccasins
  8 black bears
  33 orc warriors
  2 laughing skulls (D:15)
  A sky beast (D:8)
  8 ogres
  A wolf (shapeshifter) (D:15)
  4 boggarts (Lair:5)
  13 centaurs
  28 wolves
  A lemure (D:7)
  5 kobold brigands
  2 phantoms
  14 bullfrogs
  3 gnoll sergeants
  5 scorpions
  Dowan (D:7)
  8 wights
  2 vampire bats (D:10)
  16 killer bees
  An oklob sapling (D:6)
  4 electric eels
  5 howler monkeys
  3 lava snakes (D:10)
  2 quasits (D:10)
  2 bombardier beetles
  A jelly (D:4)
  3 gnoll boudas (D:10)
  18 orc priests
  5 hounds
  7 iguanas
  2 sleepcaps (D:5)
  23 orc wizards
  A scorpion zombie (D:4)
  A hound zombie (D:4)
  21 gnolls
  5 adders
  A shadow imp (D:4)
  2 ufetubi (D:6)
  2 adder zombies (D:4)
  An adder skeleton (D:4)
  A dart slug (D:2)
  2 ribbon worms
  95 orcs
  12 ball pythons
  8 endoplasms
  4 giant cockroaches
  7 hobgoblins
  3 jackals (D:1)
  3 quokkas
  11 bats
  2 frilled lizards (D:1)
  12 goblins
  29 kobolds
  5 rats
1020 creatures vanquished.

Vanquished Creatures (collateral kills)
  An orc warlord (Vaults:1)
  An ironbound thunderhulk (Vaults:1)
  An arcanist (Vaults:1)
  An orc knight (Vaults:1)
4 creatures vanquished.

Vanquished Creatures (others)
  An ironbound convoker (Vaults:1)
  A yaktaur (Vaults:1)
  An orc priest (Orc:2)
  An orc wizard (Orc:2)
4 creatures vanquished.

Grand Total: 1028 creatures vanquished

Notes
Turn   | Place    | Note
-------+----------+-------------------------------------------
     0 | D:1      | Cuillere the Kobold Enchanter began the quest for the Orb.
     0 | D:1      | Reached XP level 1. HP: 10/10 MP: 3/3
   119 | D:1      | Reached XP level 2. HP: 16/16 MP: 1/5
   122 | D:1      | Learned a level 2 spell: Ensorcelled Hibernation
   151 | D:1      | Found a faded altar of an unknown god.
   362 | D:1      | Reached XP level 3. HP: 14/20 MP: 4/6
   482 | D:1      | Reached skill level 1 in Fighting
  1383 | D:2      | Reached XP level 4. HP: 17/25 MP: 2/7
  2452 | D:4      | Learned a level 3 spell: Confusing Touch
  2456 | D:4      | Learned a level 3 spell: Tukima's Dance
  2483 | D:4      | Reached skill level 1 in Ice Magic
  2605 | D:4      | Reached XP level 5. HP: 30/30 MP: 9/9
  2705 | D:4      | Reached skill level 5 in Stealth
  2761 | D:4      | Noticed a phantom
  2767 | D:4      | Killed a phantom
  2768 | D:4      | Reached XP level 6. HP: 35/35 MP: 10/10
  3395 | D:5      | Entered Level 5 of the Dungeon
  3416 | D:5      | Reached XP level 7. HP: 36/40 MP: 12/12
  3973 | D:5      | Found Gifeuthi's Jewellery Shop.
  4245 | D:5      | Reached XP level 8. HP: 44/46 MP: 12/14
  4463 | D:5      | Found a blossoming altar of Fedhas.
  4505 | D:5      | Found Laugap's Antique Weapon Emporium.
  5148 | D:6      | Found a staircase to the Ecumenical Temple.
  5626 | D:6      | Reached skill level 5 in Short Blades
  5849 | D:6      | Reached skill level 5 in Hexes
  6260 | Temple   | Entered the Ecumenical Temple
  6517 | D:7      | Reached XP level 9. HP: 48/52 MP: 8/16
  6667 | D:7      | Reached skill level 5 in Spellcasting
  6670 | D:7      | Noticed Dowan
  6677 | D:7      | Noticed Duvessa
  6681 | D:7      | Killed Duvessa
  6695 | D:7      | Reached skill level 5 in Fighting
  6708 | D:7      | Found a shadowy altar of Dithmenos.
  6836 | D:7      | Noticed Pikel
  6841 | D:7      | Killed Pikel
  6874 | D:7      | Killed Dowan
  7058 | D:7      | Reached skill level 5 in Ice Magic
  7066 | D:7      | Noticed Joseph
  7068 | D:7      | Killed Joseph
  7069 | D:7      | Reached XP level 10. HP: 60/60 MP: 17/17
  7230 | D:7      | Found a burning altar of Makhleb.
  7761 | D:7      | Found an iron altar of Okawaru.
  7772 | D:7      | Became a worshipper of Warmaster Okawaru
  7887 | D:7      | Reached skill level 10 in Stealth
  8047 | D:7      | Identified a scroll of acquirement
  8048 | D:7      | Acquired 656 gold pieces
  8165 | D:8      | Found a flagged portal.
  8171 | Bailey   | Entered a bailey
  8527 | Bailey   | Noticed an orc knight
  8572 | Bailey   | Killed an orc knight
  8572 | Bailey   | Reached * piety under Okawaru
  8807 | Bailey   | Identified the +0 tower shield "Nihiugg" {rF++}
  9568 | D:8      | Reached ** piety under Okawaru
  9569 | D:8      | Reached XP level 11. HP: 67/67 MP: 13/18
  9900 | D:8      | Noticed Konrad's ghost (novice MiFi)
 10045 | D:8      | Found a runed translucent door.
 10319 | D:9      | Noticed a two-headed ogre
 10323 | D:9      | Killed a two-headed ogre
 10675 | D:9      | Reached skill level 10 in Short Blades
 10867 | D:9      | Noticed a two-headed ogre
 10873 | D:9      | Killed a two-headed ogre
 10958 | D:9      | Reached *** piety under Okawaru
 11080 | D:9      | Found an opulent altar of Gozag.
 12002 | D:10     | Entered Level 10 of the Dungeon
 12181 | D:10     | Noticed a soul eater
 12195 | D:10     | Killed a soul eater
 12196 | D:10     | Reached skill level 1 in Invocations
 12329 | D:10     | Found a staircase to the Orcish Mines.
 12432 | D:10     | Noticed a two-headed ogre
 12438 | D:10     | Killed a two-headed ogre
 12438 | D:10     | Reached **** piety under Okawaru
 12456 | D:10     | Noticed a soul eater
 12467 | D:10     | HP: 1/64 [soul eater (3)]
 12480 | D:10     | Killed a soul eater
 12481 | D:10     | Reached skill level 5 in Dodging
 13208 | D:10     | Reached XP level 12. HP: 76/76 MP: 19/19
 13208 | D:10     | Noticed Amaemon
 13211 | D:10     | Killed Amaemon
 13979 | D:10     | Noticed a sun demon
 13989 | D:10     | Reached ***** piety under Okawaru
 14005 | D:10     | Killed a sun demon
 14258 | D:10     | Found a snail-covered altar of Cheibriados.
 14283 | D:10     | Learned a level 3 spell: Passwall
 15243 | D:11     | Found a staircase to the Lair.
 15394 | D:11     | Received a gift from Okawaru
 15556 | D:11     | Reached skill level 10 in Fighting
 15572 | D:11     | Reached skill level 5 in Invocations
 16067 | D:12     | Received a gift from Okawaru
 16247 | D:12     | Reached XP level 13. HP: 82/82 MP: 14/20
 16650 | D:12     | Received a gift from Okawaru
 17957 | D:14     | Noticed Lodul
 17957 | D:14     | Noticed Urug
 17957 | D:14     | Noticed a centaur warrior
 17957 | D:14     | Found a gate to the Vaults.
 18009 | D:14     | Noticed Nessos
 18038 | D:14     | Received a gift from Okawaru
 18039 | D:14     | Killed Nessos
 18039 | D:14     | Noticed a five-headed hydra
 18046 | D:14     | Killed a five-headed hydra
 18279 | D:14     | Reached ****** piety under Okawaru
 18313 | D:14     | Acquired the +0 cloak "Asunteg" {Dex+4}
 18313 | D:14     | Received a gift from Okawaru
 18838 | D:14     | Killed Lodul
 18922 | D:14     | Killed a centaur warrior
 18922 | D:14     | Received a gift from Okawaru
 18923 | D:14     | Reached skill level 15 in Stealth
 18952 | D:14     | Reached XP level 14. HP: 90/90 MP: 17/21
 19045 | D:14     | Killed Urug
 19357 | D:14     | Learned a level 3 spell: Dazzling Flash
 19945 | D:15     | Entered Level 15 of the Dungeon
 19959 | D:15     | Received a gift from Okawaru
 20407 | D:15     | Found a staircase to the Depths.
 20673 | D:15     | Received a gift from Okawaru
 20680 | D:15     | Reached skill level 10 in Hexes
 21231 | Orc:1    | Entered Level 1 of the Orcish Mines
 21719 | Orc:1    | Reached skill level 10 in Dodging
 22051 | Orc:2    | Entered Level 2 of the Orcish Mines
 22051 | Orc:2    | Found a staircase to the Elven Halls.
 22224 | Orc:2    | Noticed an orc warlord
 22496 | Orc:2    | Killed an orc warlord
 22496 | Orc:2    | Received a gift from Okawaru
 22755 | Orc:2    | Noticed Sonja
 22904 | Orc:2    | Noticed Maurice
 22908 | Orc:2    | Killed Maurice
 23649 | Orc:1    | Received a gift from Okawaru
 23857 | Orc:1    | Found Kowevess's General Store.
 24016 | Orc:2    | Paralysed by an orc sorcerer for 4 turns
 24176 | Orc:2    | Reached XP level 15. HP: 80/97 MP: 19/22
 24695 | Orc:2    | Found Tukkotwa's Antique Armour Shop.
 24696 | Orc:2    | Found Anibrea's Book Emporium.
 24699 | Orc:2    | Found Qecod's Armour Shop.
 24699 | Orc:2    | Found Iwkir's Jewellery Emporium.
 24771 | Orc:2    | Received a gift from Okawaru
 24905 | Orc:2    | Killed Sonja
 25154 | Lair:1   | Entered Level 1 of the Lair of Beasts
 25792 | Lair:1   | Learned a level 2 spell: Blink
 26236 | Lair:1   | Received a gift from Okawaru
 26470 | Lair:2   | Reached skill level 1 in Translocations
 26546 | Lair:2   | Noticed Fannar
 26550 | Lair:2   | Killed Fannar
 26558 | Lair:2   | Found a hole to the Spider Nest.
 26564 | Lair:2   | Reached skill level 15 in Short Blades
 26657 | Lair:2   | Found a frozen archway.
 26724 | Lair:2   | Found a transporter.
 26727 | Lair:2   | Found a transporter.
 26729 | Lair:2   | Noticed KineticRobot's ghost (journeyman TrSh)
 27024 | Lair:2   | Received a gift from Okawaru
 28138 | Lair:3   | Found a staircase to the Shoals.
 28140 | Lair:3   | Received a gift from Okawaru
 28668 | Lair:4   | Reached XP level 16. HP: 104/104 MP: 23/23
 28670 | Lair:4   | Reached skill level 10 in Invocations
 28731 | Lair:4   | Received a gift from Okawaru
 29202 | Lair:4   | Found a runed translucent gate.
 29203 | Lair:4   | Found a runed translucent gate.
 29203 | Lair:4   | Noticed Zaegoraum's ghost (journeyman DsAK)
 29204 | Lair:4   | Found a runed translucent gate.
 29733 | Lair:5   | Entered Level 5 of the Lair of Beasts
 29829 | Lair:5   | Received a gift from Okawaru
 30513 | Lair:5   | Received a gift from Okawaru
 30760 | Lair:5   | Found a staircase to the Slime Pits.
 31033 | Lair:5   | Found a snail-covered altar of Cheibriados.
 31548 | Lair:5   | Acquired a +2 quick blade of venom
 31548 | Lair:5   | Received a gift from Okawaru
 31661 | Spider:1 | Entered Level 1 of the Spider Nest
 31693 | Spider:1 | Noticed Donald
 31699 | Spider:1 | Killed Donald
 31702 | Spider:1 | Reached skill level 1 in Armour
 31906 | Orc:2    | Bought a manual of Shields for 1120 gold pieces
 32106 | Spider:1 | Received a gift from Okawaru
 32107 | Spider:1 | Reached skill level 1 in Shields
 32133 | Spider:1 | Reached XP level 17. HP: 31/112 MP: 20/24
 33385 | Spider:2 | Reached skill level 15 in Fighting
 33570 | Spider:2 | Reached skill level 5 in Shields
 33770 | Spider:2 | Identified the blade talisman of Jocular Creativity {rF+
                  | rN++ Str-4 SInv}
 34373 | Spider:3 | Noticed Azrael
 34394 | Spider:3 | Killed Azrael
 34394 | Spider:3 | Received a gift from Okawaru
 34396 | Spider:3 | Noticed Arachne
 34454 | Spider:3 | Killed Arachne
 34647 | Spider:3 | Noticed Louise
 34656 | Spider:3 | Killed Louise
 35287 | Spider:4 | Entered Level 4 of the Spider Nest
 35378 | Spider:4 | Received a gift from Okawaru
 35496 | Spider:3 | Reached XP level 18. HP: 40/119 MP: 1/25
 35975 | Spider:4 | Received a gift from Okawaru
 36380 | Spider:4 | Reached skill level 5 in Armour
 36405 | Spider:4 | Got a gossamer rune of Zot
 36907 | Vaults:1 | Entered Level 1 of the Vaults
 36964 | Vaults:1 | Reached skill level 15 in Dodging
 37072 | Vaults:1 | Received a gift from Okawaru
 37712 | Vaults:1 | Found a portal to a secret trove of treasure.
 37717 | Trove    | Entered a treasure trove
 37754 | Trove    | Got Kerghaoh's Textbook on Translocated Beguiling
 37758 | Trove    | Got Sif Muna's Writings on Charmed Anthracomancy
 37779 | Trove    | Reached XP level 19. HP: 127/127 MP: 26/26
 38502 | Vaults:1 | Killed from afar by an ironbound frostheart

Illustrated notes

Levels and vault maps discovered:
D:1:      roderic_crossed_star, layout_basic, shapermc_ecumenical_altar_venn,
          chequers_arboretum
D:2:      layout_basic, kennysheep_big_empty_room
D:3:      layout_rooms, st_stairs_5, kennysheep_generic_room_12
D:4:      layout_loops_ring, serial_undead, serial_undead_e, serial_undead_d,
          serial_undead_a, serial_undead_c
D:5:      layout_loops_corners, mainiacjoe_overflow_brackets, serial_rivers,
          chequers_serial_rivers_small_b, chequers_serial_rivers_micro_c,
          chequers_serial_rivers_micro_e, chequers_serial_rivers_small_3,
          chequers_serial_rivers_marsh, chequers_serial_rivers_marsh,
          grunt_ministairs_1, minmay_shop_enchanted_jewellery,
          kennysheep_small_square
D:6:      layout_loops_cross, minmay_temple_entry_oklob
D:7:      layout_basic, okawaru_humans, lightli_temple_of_fire,
          grunt_dithmenos_shadows, corexii_item_surrounded_by_moat,
          kennysheep_generic_room_2, uniq_pikel, uniq_joseph, uniq_duvessa
D:8:      layout_basic, enter_bailey_2, hellmonk_ghost_big_iron,
          kennysheep_generic_room_15
D:9:      layout_grid_maze, nicolae_gozag_seed_capital
D:10:     kennysheep_seaside_town, layout_gridville, cheibrodos_worm_habitat,
          serial_demonic, serial_demonic_b, serial_demonic_g, serial_demonic_a,
          serial_demonic_e, serial_demonic_c, serial_demonic_f,
          serial_demonic_b, serial_bayou_pond_b, kennysheep_cluttered_room,
          roderic_batcave, uniq_amaemon
D:11:     layout_irregular_city, dpeg_oklobed_lair, minmay_misc_feat_columns
D:12:     layout_basic
D:13:     layout_basic, minmay_misc_feat_alley
D:14:     layout_stronghold, david_vaults_3, serial_park_square2, uniq_nessos
D:15:     gammafunk_depths_entry_grave, layout_irregular_city,
          serial_park_square1 [serial_park_minivault_5x5_8]
Temple:   nicolae_temple_x_marks_the_god
Lair:1:   layout_roguey, minivault_11, lemuel_fruit_fields
Lair:2:   layout_loops_ring, nicolae_spider_entry_lesser_pyramids,
          portal_ice_cave_entry_pillars_2, gammafunk_ghost_hive,
          enter_volcano_3, grunt_megastairs_3, serial_bayou_shore_a, uniq_fannar
Lair:3:   beargit_carnivore_pack, layout_big_grid, elwin_shoals_entry_rooms
Lair:4:   layout_misc_corridors, gammafunk_ghost_hydra_chop
Lair:5:   minmay_lair_end_enchanted_forest, layout_misc_corridors,
          minmay_slime_entry_oklob_open, kennysheep_snail_temple
Spider:1: layout_spider_delve, uniq_donald
Spider:2: layout_spider_delve, drop_trap
Spider:3: layout_spider_delve, uniq_arachne, uniq_azrael, uniq_louise
Spider:4: grunt_spider_rune_parallel
Orc:1:    layout_caves, serial_shops, nicolae_shop_trees,
          nicolae_orc_quarried_blocks
Orc:2:    grunt_orc_tribal_feast, layout_caves, uniq_maurice, uniq_sonja,
          uniq_urug
Vaults:1: nicolae_vaults_octothorpe, vaults_dpeg_spiral,
          nicolae_vaults_turnstiles, nicolae_vaults_meiosis,
          nicolae_vaults_network_quincunx
          [nicolae_vaults_network_quincunx_subvault,
          nicolae_vaults_network_quincunx_subvault,
          nicolae_vaults_network_quincunx_subvault,
          nicolae_vaults_network_quincunx_subvault,
          nicolae_vaults_network_quincunx_subvault], ontoclasm_vaults_gateway,
          ontoclasm_vaults_ring_square, nicolae_vaults_bisected_exclaves,
          nicolae_vaults_heist, vaults_room_hallway,
          nicolae_vaults_enemy_cabinets, layout_vaults_omnicross, enter_trove_3

Skill      XL: |  1  2  3  4  5  6  7  8  9 10 11 12 13 14 15 16 17 18 |
---------------+-------------------------------------------------------+-----
Short Blades   | 2 3 4 5 7 9 10 12 13 14 15 16 17 18 | 18.0
Fighting       | 1 2 3 4 6 7 9 10 11 12 13 14 15 16 | 16.7
Ice Magic      | 1 2 3 5 |  5.0
Stealth        | 5 6 7 9 10 12 13 15 16 17 18 | 18.0
Spellcasting   | 3 4 5 |  5.0
Hexes          | 4 5 6 7 8 9 10 | 10.0
Dodging        | 5 7 9 10 11 13 14 15 | 15.9
Invocations    | 3 5 7 8 9 10 | 10.0
Translocations | 3 4 |  4.0
Armour         | 1 4 6 |  6.5
Shields        | 1 6 9 |  9.7

Action                     |  1- 3 |  4- 6 |  7- 9 | 10-12 | 13-15 | 16-18 | 19-21 || total
---------------------------+-------+-------+-------+-------+-------+-------+-------++-------
  Melee: Dagger            |   107 |   125 |   194 |   483 |   514 |   259 |       ||  1682
         Punch             |     1 |       |       |       |       |       |       ||     1
         Quick blade       |       |       |       |       |       |   630 |    75 ||   705
   Cast: Ensorcelled Hiber |     5 |    16 |    59 |   144 |   283 |   251 |    38 ||   796
         Confusing Touch   |       |     1 |     6 |    19 |    18 |    15 |     3 ||    62
         Blink             |       |       |       |       |       |       |     1 ||     1
 Invoke: Finesse           |       |       |       |       |     2 |     3 |       ||     5
         Receive Armour    |       |       |       |       |     1 |       |       ||     1
         Heroism           |       |       |       |       |       |     4 |       ||     4
         Receive Weapon    |       |       |       |       |       |     1 |       ||     1
  Evoke: Wand              |       |       |       |       |       |     1 |       ||     1
    Use: Scroll            |     2 |     8 |     8 |     8 |     8 |    12 |     1 ||    47
         Potion            |       |     1 |     3 |     2 |     2 |    14 |     4 ||    26
   Stab: Sleeping          |    20 |    32 |    52 |   160 |   288 |   243 |    17 ||   812
         Distracted        |     2 |     1 |     1 |       |     2 |     2 |       ||     8
         Invisible         |       |     3 |     4 |       |     5 |     6 |       ||    18
         Confused          |       |     1 |     4 |    16 |    21 |    13 |     3 ||    58
 Armour: Robe              |    26 |    40 |   100 |    80 |       |       |       ||   246
         Leather armour    |       |       |       |    57 |       |       |       ||    57
         Troll leather arm |       |       |       |    63 |   253 |   372 |    54 ||   742
  Dodge: Dodged            |    58 |    74 |   157 |   274 |   506 |   710 |    73 ||  1852
  Block: Kite shield       |       |       |       |       |       |    73 |       ||    73
